 Dungeon Crawl Stone Soup version 0.31-a0-167-g1c394c0614 (webtiles) character file.

Game seed: 6507426890893179598

190411 qw the Severer (level 18, -18/119 HPs)
             Began as a Gargoyle Fighter on June 14, 2023.
             Was an Elder of Okawaru.
             Killed from afar by Roxanne (43 damage)
             ... with a crystal spear
             ... on level 4 of the Swamp.
             The game lasted 00:18:32 (32046 turns).

qw the Severer (Gargoyle Fighter)                  Turns: 32046, Time: 00:18:32

Health: -18/119    AC: 54    Str: 33    XL:     18   Next: 61%
Magic:  25/25      EV: 15    Int:  9    God:    Okawaru [****..]
Gold:   1351       SH: 14    Dex: 10    Spells: 17/17 levels left

rFire   + . .        z - +9 broad axe "Transmigrator" {venom, *Noise rElec rPois Stlth+}
rCold   . . .        o - +0 kite shield
rNeg    + . .        I - +1 crystal plate armour "Ablucw" {Dex+2}
rPois   inf          e - +0 helmet
rElec   +            t - +0 cloak
rCorr   .            k - +1 pair of gloves
SInv    .            u - +2 pair of boots {Stlth+}
Will    +....        y - amulet of faith Stlth
                     B - ring "Yboetoen" {+Blink rF+ Str+2 Slay+2}
HPRegen 0.39/turn    K - +5 ring of evasion
MPRegen 0.19/turn

%: faith
@: about to teleport, heroic, flying
A: sickness immunity, AC +13, big wings, negative energy resistance 1,
electricity resistance, torment resistance 1, petrification resistance, strong
1, subdued magic 1
a: Renounce Religion, Evoke Blink, Heroism, Finesse


You were on level 4 of the Swamp.
You worshipped Okawaru.
Okawaru was greatly pleased with you.
You visited 5 branches of the dungeon, and saw 29 of its levels.
You also visited: Ossuary.

You collected 3075 gold pieces.
You spent 1724 gold pieces at shops.


Innate Abilities, Weirdness & Mutations

You are immune to sickness and miasma.
Your stone body is resilient. (AC +13)
You are immune to poison.
Your large and strong wings let you fly.
You resist negative energy. (rN+)
You are resistant to electric shocks. (rElec)
You are resistant to unholy torment.
You are immune to petrification.
Your muscles are strong. (Str +4, Int/Dex -1)
Your spells are a little easier to cast, but a little less powerful.


   Skills:
 - Level 15.0(20.0) Fighting
 - Level 18.0(23.0) Axes
 - Level 7.0(12.0) Throwing
 - Level 18.0(23.0) Armour
 + Level 3.1(8.1) Dodging
 - Level 14.0(19.0) Shields
 - Level 10.0 Invocations


You had 17 spell levels left.
You didn't know any spells.
Your spell library was empty.

Inventory:

Hand Weapons
 z - the +9 broad axe "Transmigrator" (weapon) {venom, *Noise rElec rPois Stlth+}
   (You acquired it on level 1 of the Lair of Beasts)

   rElec:     It insulates you from electricity.
   rPois:     It protects you from poison.
   *Noise:    It may make noises in combat.
   Stlth:     It makes you more stealthy.
 E - a +1 broad axe of electrocution
Missiles
 q - 18 boomerangs
 L - 4 javelins (quivered)
Armour
 a - +0 acid dragon scales
 e - a +0 helmet (worn)
 k - a +1 pair of gloves (worn)
 o - a +0 kite shield (worn)
 t - a +0 cloak (worn)
 u - a +2 pair of boots of stealth (worn)
 I - the +1 crystal plate armour "Ablucw" (worn) {Dex+2}
   (Okawaru gifted it to you on level 14 of the Dungeon)

   Dex:       It affects your dexterity (+2).
Jewellery
 j - a ring of protection from fire
 l - an amulet of reflection
 p - a ring of resist corrosion
 y - an amulet of faith (around neck)
 B - the ring "Yboetoen" (left hand) {+Blink rF+ Str+2 Slay+2}
   (You took it off a spriggan on level 5 of the Lair of Beasts)

   [ring of protection from fire]

   Str:       It affects your strength (+2).
   Slay:      It affects your accuracy & damage with ranged weapons and melee
   (+2).
   rF:        It protects you from fire.
   +Blink:    It lets you blink.
 G - the ring of Disetujo {Fire Str+4}
   (You acquired it on level 12 of the Dungeon)

   [ring of fire]

   It enhances your fire magic.
   Str:       It affects your strength (+4).
   rF:        It protects you from fire.
   rC:        It makes you vulnerable to cold.
 H - a ring of resist corrosion
 K - a +5 ring of evasion (right hand)
 Y - a +6 ring of strength
Wands
 J - a wand of digging (5)
Scrolls
 h - 8 scrolls of teleportation
 m - 15 scrolls of identify
 C - 6 scrolls of enchant weapon
Potions
 b - 2 potions of cancellation
 d - 8 potions of might
 g - 4 potions of attraction
 i - 8 potions of curing
 n - 2 potions of magic
 r - 2 potions of mutation
 v - 4 potions of haste
 x - 7 potions of heal wounds
 A - 3 potions of resistance
 F - 5 potions of lignification

Dungeon Overview and Level Annotations

Branches:
Dungeon (15/15)            Temple (0/1) D:4            Lair (5/5) D:10
  Swamp (4/4) Lair:3       Spider (3/4) Lair:3        Slime (0/5) Lair:4
    Orc (2/2) D:11            Elf (0/3) Orc:2        Vaults (0/5) D:14
 Depths (0/4) D:15        Ossuary (visited)

Altars:
Ashenzari
Makhleb
Okawaru
Qazlal
Sif Muna
Uskayaw
Vehumet
Wu Jian
Yredelemnul
Zin
Jiyva
Lugonu

Shops:
D:3 ([=(   D:11 *   D:15 !   Orc:2 (!:*

Portals:
Abyss: Lair:5

Annotations:
D:6 2 transporters, qw's ghost, novice GrFi
D:9 2 transporters, qw's ghost, journeyman GrHu
Lair:3 2 transporters, qw's ghost, journeyman GrFi
Swamp:4 Roxanne


Message History

You hit Roxanne.
Roxanne is heavily damaged.
You slash the swamp worm zombie! The goliath frog misses you.
You completely miss Roxanne.
Roxanne is heavily damaged.
You slice the swamp worm zombie!!
You block the swamp worm zombie's attack.
Roxanne casts a spell.
The bolt of magma misses you. You block the goliath frog's attack.
You slash Roxanne!
Roxanne is heavily damaged.
You slash the swamp worm zombie!
You block the swamp worm zombie's attack.
The goliath frog completely misses you.
A swamp worm zombie comes into view.
You slash Roxanne!
Roxanne is heavily damaged.
You slash the swamp worm zombie! You block the goliath frog's attack.
The swamp worm zombie misses you.
You barely miss the swamp worm zombie.
The swamp worm zombie is severely damaged.
You slash Roxanne!
Your broad axe "Transmigrator" chimes harmoniously.
You hear a shout!
You hear an angry buzzing noise.
You block the goliath frog's attack.
You slice Roxanne like a ripe choko!!!
Roxanne is almost destroyed.
You slice the swamp worm zombie!!
You destroy the swamp worm zombie!
Okawaru accepts your kill.
Roxanne casts a spell.
The crystal spear hits you!!!
The goliath frog hits you but does no damage.
32046 ||| READING 9 scrolls of teleportation.
As you read the scroll of teleportation, it crumbles to dust.
You feel strangely unstable.
Roxanne mumbles some strange words.
The crystal spear hits you!!!
You die... 777777

777...07 7
77..~~~~77777 ~77
7~..~~¤~..~.7777~~.77
777.......¤~%Z.7.~~~.
77~77~~~.~.!@8[.~Z¤.. 7
777~~777777~.~....¤....
7..777 77.~F~.(..¤..
7~...77 7~~~.~7..~..
77~~~.7777.7.¤~~.7 .~.¤
7.~~~.~~~..77.¤~. ..¤
777.~..~7777 ¤7^... .
777..~~....7 .~7777.~
7~..~~~~~~~.7 :~ ~~~


You could see Roxanne, a goliath frog and 2 swamp worm zombies.

Vanquished Creatures
  Nikola (Swamp:2)
  Jorgrun (D:13)
  Rupert (D:14)
  A tengu reaver (D:12)
  Kirke (D:14)
  2 emperor scorpions
  2 fenstrider witches
  A frost giant (D:12)
  A ghost moth (Spider:3)
  A quicksilver ooze (shapeshifter) (D:15)
  2 broodmothers (Spider:3)
  Nessos (Lair:5)
  5 eleionomae
  8 bunyips
  4 spark wasps (Spider:3)
  Snorg (D:12)
  A deep elf high priest (D:12)
  2 entropy weavers
  An ice dragon (Spider:1)
  Erolcha (Orc:2)
  A rakshasa (D:15)
  14 hydras
  2 ghost crabs
  A catoblepas (Lair:4)
  4 ogre magi (Orc:2)
  16 two-headed ogres
  3 jorogumos
  Erica (Orc:1)
  2 death knights
  9 centaur warriors
  6 alligators
  4 death yaks (Lair:5)
  10 boulder beetles
  A tengu warrior (D:12)
  7 demonic crawlers
  3 thrashing horrors (Lair:5)
  A sun moth (Spider:1)
  5 pharaoh ants
  Nergalle (D:10)
  2 skeletal warriors (D:14)
  A skyshark (Lair:3)
  7 goliath frogs
  A glowing orange brain (D:15)
  3 orb spiders
  7 spriggan druids
  A necromancer (D:14)
  7 bog bodies
  A swamp dragon (Swamp:4)
  5 deep elf pyromancers
  An orc sorcerer (Orc:2)
  2 wizards
  4 orc knights
  11 wolf spiders
  4 steelbarb worms
  3 manticores
  A moth of wrath (Spider:3)
  11 ugly things
  9 oklob plants
  3 will-o-the-wisps
  A large abomination (Lair:5)
  9 cyclopes
  An ice statue (Spider:1)
  4 black mambas
  6 elephants
  5 torpor snails
  2 gargoyles
  A smoke demon (Lair:5)
  An unseen horror (D:11)
  9 komodo dragons
  3 rime drakes
  2 unseen horror zombies (D:9)
  17 cane toads
  A swamp worm zombie (Swamp:4)
  2 tengu conjurers (D:12)
  A kobold demonologist (D:12)
  3 freezing wraiths
  A yaktaur (D:15)
  An efreet (D:12)
  2 ancient zymes (Lair:5)
  8 trolls
  2 bloated husks (Swamp:3)
  2 polar bears
  A hornet (shapeshifter) (D:13)
  9 meliai
  A meliai (shapeshifter) (D:13)
  15 tarantellas
  A wolf spider simulacrum (D:15)
  4 tyrant leeches
  8 hornets
  2 alligator zombies (Swamp:4)
  17 blink frogs (Lair:5)
  9 jumping spiders
  21 slime creatures
  A centaur simulacrum (D:14)
  A ynoxinul (Lair:5)
  16 culicivoras
  14 spriggans
  10 wraiths
  A vampire (D:12)
  5 wyverns
  A hog (shapeshifter) (Lair:5)
  62 yaks
  5 chaos spawn (Lair:5)
  3 hogs (D:14)
  28 redbacks
  7 basilisks
  19 vampire mosquitoes
  A steam dragon (Lair:3)
  3 wargs
  24 swamp worms
  20 water moccasins
  2 acid dragons
  A water moccasin (shapeshifter) (D:14)
  An ice beast (D:8)
  4 black bears
  2 swamp drakes (Swamp:2)
  3 sky beasts
  18 orc warriors
  3 boggarts (D:15)
  29 ogres
  10 centaurs
  12 wolves
  3 phantoms
  4 kobold brigands
  A wyvern zombie (D:9)
  2 gnoll sergeants (D:9)
  4 scorpions
  9 small abominations (Lair:5)
  8 bullfrogs
  8 wights
  6 killer bees
  3 howler monkeys
  6 electric eels
  3 centaur zombies (D:9)
  A crimson imp (D:5)
  2 quasits (D:4)
  4 hounds
  A jelly (D:6)
  A gnoll bouda (D:8)
  19 orc priests
  2 sleepcaps (D:5)
  4 iguanas
  24 orc wizards
  2 howler monkey zombies (D:9)
  16 gnolls
  11 adders
  5 shadow imps
  6 white imps (D:4)
  6 ufetubi
  3 adder zombies (Ossuary)
  3 worms
  50 orcs
  6 ball pythons
  9 endoplasms
  5 giant cockroaches
  11 goblins
  7 hobgoblins
  20 kobolds
  4 quokkas
  A ball python skeleton (Ossuary)
  13 bats
  A frilled lizard (D:3)
  A hobgoblin skeleton (Ossuary)
  A kobold zombie (Ossuary)
  3 orc zombies (Ossuary)
  6 rats
996 creatures vanquished.

Vanquished Creatures (others)
  A basilisk (Lair:5)
  12 foxfires
13 creatures vanquished.

Grand Total: 1009 creatures vanquished

Notes
Turn   | Place    | Note
-------+----------+-------------------------------------------
     0 | D:1      | qw the Gargoyle Fighter began the quest for the Orb.
     0 | D:1      | Reached XP level 1. HP: 14/14 MP: 1/1
     0 | D:1      | 0 ||| qw: Version: 0.2-a-29-g1fa15c8
     0 | D:1      | 0 ||| qw: Game counter: 4888
     0 | D:1      | 0 ||| qw: Always use a shield: true
     0 | D:1      | 0 ||| qw: God list: Okawaru
     0 | D:1      | 0 ||| qw: Allow faded altars: false
     0 | D:1      | 0 ||| qw: Do Orc after D:15 true
     0 | D:1      | 0 ||| qw: Do second Lair branch before Depths: true
     0 | D:1      | 0 ||| qw: Lair rune preference: random
     0 | D:1      | 0 ||| qw: Plans: Normal, Zot:1-4, Slime:5, God:TSO, Crypt,
                  | Tomb, Abyss, Pan, Hells, Win
     0 | D:1      | 0 ||| PLANNING D:1-11
   150 | D:1      | Reached XP level 2. HP: 19/19 MP: 2/2
   356 | D:1      | 356 ||| Stepping ~*~*~tactically~*~*~ (stealth).
   510 | D:1      | Found a faded altar of an unknown god.
   520 | D:1      | Reached skill level 3 in Axes
   887 | D:1      | 887 ||| UPGRADING to +0 pair of gloves.
   892 | D:1      | 892 ||| READING scroll labelled TUWIZA ACEKE.
   893 | D:1      | 893 ||| READING scroll labelled SOLAIVOMYE.
   894 | D:1      | 894 ||| READING scroll labelled QIXOST UXKU.
   895 | D:1      | 895 ||| DRINKING 2 amethyst potions.
   956 | D:2      | Reached XP level 3. HP: 23/23 MP: 3/3
   966 | D:2      | 966 ||| Stepping ~*~*~tactically~*~*~ (stealth).
   972 | D:2      | 972 ||| Stepping ~*~*~tactically~*~*~ (stealth).
   973 | D:2      | 973 ||| Stepping ~*~*~tactically~*~*~ (stealth).
  1045 | D:2      | Identified the +0 robe of the Sufficient God {Dex+2}
  1050 | D:2      | 1050 ||| Stepping ~*~*~tactically~*~*~ (hiding).
  1051 | D:2      | 1051 ||| Stepping ~*~*~tactically~*~*~ (hiding).
  1052 | D:2      | 1052 ||| Stepping ~*~*~tactically~*~*~ (stealth).
  1053 | D:2      | 1053 ||| Stepping ~*~*~tactically~*~*~ (hiding).
  1069 | D:2      | HP: 4/23 [gnoll/+0 club (2)]
  1070 | D:2      | 1070 ||| DRINKING potion of heal wounds.
  1080 | D:2      | 1080 ||| DROPPING +0 club.
  1089 | D:2      | 1089 ||| Stepping ~*~*~tactically~*~*~ (hiding).
  1102 | D:2      | Reached XP level 4. HP: 27/28 MP: 4/4
  1654 | D:2      | Reached skill level 1 in Throwing
  1683 | D:2      | 1683 ||| UPGRADING to amulet of the acrobat.
  1688 | D:2      | 1688 ||| UPGRADING to ring of positive energy.
  1689 | D:2      | 1689 ||| READING scroll labelled BUC NAIPEHUINN.
  1708 | D:2      | 1708 ||| READING scroll labelled ZEOFFA PECWASO.
  1708 | D:2      | Identified a scroll of acquirement
  1708 | D:2      | 1708 ||| ACQUIRING 669 gold pieces
  1708 | D:2      | Acquired 669 gold pieces
  1710 | D:2      | 1710 ||| READING scroll labelled FOEDAWIUFO.
  1715 | D:2      | 1715 ||| READING scroll labelled QISHRA ZUGO.
  1716 | D:2      | 1716 ||| READING 3 scrolls of identify.
  1716 | D:2      | 1716 ||| IDENTIFYING bubbling orange potion
  1717 | D:2      | 1717 ||| READING 2 scrolls of identify.
  1717 | D:2      | 1717 ||| IDENTIFYING sedimented white potion
  1718 | D:2      | 1718 ||| DROPPING potion of degeneration.
  1748 | D:3      | Found Ingu's Armour Emporium.
  1761 | D:3      | 1761 ||| BUYING +1 scale mail of cold resistance (176
                  | gold).
  1761 | D:3      | Bought a +1 scale mail of cold resistance for 176 gold
                  | pieces
  1779 | D:3      | 1779 ||| Stepping ~*~*~tactically~*~*~ (hiding).
  1792 | D:3      | Reached XP level 5. HP: 22/32 MP: 5/5
  1816 | D:3      | 1816 ||| Stepping ~*~*~tactically~*~*~ (stealth).
  1823 | D:3      | 1823 ||| Stepping ~*~*~tactically~*~*~ (stealth).
  1852 | D:3      | Found an iron altar of Okawaru.
  1853 | D:3      | 1853 ||| PLANNING OKAWARU WORSHIP
  1853 | D:3      | 1853 ||| UPGRADING to +1 scale mail of cold resistance.
  1863 | D:3      | 1863 ||| DROPPING +0 scale mail.
  1865 | D:3      | 1865 ||| Stepping ~*~*~tactically~*~*~ (stealth).
  1928 | D:3      | Became a worshipper of Warmaster Okawaru
  1929 | D:3      | 1929 ||| PLANNING D:1-11
  2025 | D:3      | 2025 ||| Stepping ~*~*~tactically~*~*~ (stealth).
  2057 | D:3      | Found a basalt altar of Yredelemnul.
  2158 | D:3      | Found Xoruj's Antique Weapon Shoppe.
  2224 | D:3      | 2224 ||| Stepping ~*~*~tactically~*~*~ (stealth).
  2258 | D:3      | Found Hycoer's Jewellery Emporium.
  2269 | D:3      | 2269 ||| BUYING amulet of guardian spirit (300 gold).
  2269 | D:3      | Bought an amulet of guardian spirit for 300 gold pieces
  2269 | D:3      | 2269 ||| BUYING amulet of reflection (300 gold).
  2269 | D:3      | Bought an amulet of reflection for 300 gold pieces
  2269 | D:3      | 2269 ||| SHOPLISTING ring of fire (250 gold, have 16).
  2269 | D:3      | 2269 ||| SHOPLISTING ring of see invisible (150 gold, have
                  | 16).
  2269 | D:3      | 2269 ||| SHOPLISTING ring of willpower (250 gold, have 16).
  2633 | D:3      | Found Kipyakk's Weapon Shoppe.
  2642 | D:3      | 2642 ||| SHOPLISTING +2 vampiric broad axe (240 gold, have
                  | 52).
  3058 | D:3      | 3058 ||| DROPPING amulet of guardian spirit.
  3059 | D:3      | 3059 ||| UPGRADING to amulet of reflection.
  3069 | D:3      | 3069 ||| DROPPING amulet of the acrobat.
  3070 | D:3      | 3070 ||| UPGRADING to +4 ring of protection.
  3071 | D:3      | 3071 ||| UPGRADING to +6 ring of strength.
  3073 | D:3      | 3073 ||| DROPPING ring of positive energy.
  3074 | D:3      | 3074 ||| READING scroll labelled TOPSIUDOGU.
  3175 | D:3      | 3175 ||| READING scroll labelled XOOCHI MEXOA.
  3254 | D:4      | Noticed a phantom
  3264 | D:4      | Killed a phantom
  3265 | D:4      | Reached XP level 6. HP: 31/37 MP: 6/6
  3270 | D:4      | Reached skill level 1 in Dodging
  3270 | D:4      | Found a hide-covered altar of Uskayaw.
  3295 | D:4      | 3295 ||| FLEEEEING.
  3296 | D:4      | 3296 ||| FLEEEEING.
  3297 | D:4      | 3297 ||| FLEEEEING.
  3299 | D:4      | 3299 ||| STAIRDANCE
  3487 | D:4      | 3487 ||| Stepping ~*~*~tactically~*~*~ (hiding).
  3488 | D:4      | 3488 ||| Stepping ~*~*~tactically~*~*~ (hiding).
  3489 | D:4      | 3489 ||| Stepping ~*~*~tactically~*~*~ (hiding).
  3490 | D:4      | 3490 ||| Stepping ~*~*~tactically~*~*~ (hiding).
  3492 | D:4      | 3492 ||| Stepping ~*~*~tactically~*~*~ (hiding).
  3495 | D:4      | 3495 ||| Stepping ~*~*~tactically~*~*~ (hiding).
  3621 | D:4      | Found a staircase to the Ecumenical Temple.
  3645 | D:4      | 3645 ||| Stepping ~*~*~tactically~*~*~ (hiding).
  3718 | D:4      | 3718 ||| Stepping ~*~*~tactically~*~*~ (hiding).
  3982 | D:4      | Reached XP level 7. HP: 36/43 MP: 7/7
  3982 | D:4      | 3982 ||| FLEEEEING.
  3989 | D:4      | 3989 ||| Stepping ~*~*~tactically~*~*~ (hiding).
  3999 | D:4      | Reached skill level 6 in Axes
  4007 | D:4      | Reached * piety under Okawaru
  4008 | D:4      | 4008 ||| Stepping ~*~*~tactically~*~*~ (hiding).
  4109 | D:4      | 4109 ||| UPGRADING to +0 chain mail.
  4119 | D:4      | 4119 ||| READING scroll labelled FEIJICWE OSURR.
  4138 | D:5      | Entered Level 5 of the Dungeon
  4139 | D:5      | 4139 ||| PLANNING OSSUARY
  4159 | D:5      | Found a sand-covered staircase.
  4167 | Ossuary  | Entered an ossuary
  4268 | Ossuary  | Noticed a flying skull
  4268 | Ossuary  | Noticed a wraith
  4290 | Ossuary  | Noticed a flying skull
  4310 | Ossuary  | Noticed a wraith
  4315 | Ossuary  | 4315 ||| INVOKING Heroism.
  4326 | Ossuary  | HP: 2/43 [wraith (10)]
  4330 | Ossuary  | Killed a wraith
  4477 | Ossuary  | Noticed a flying skull
  4488 | Ossuary  | 4488 ||| INVOKING Heroism.
  4490 | Ossuary  | Reached skill level 1 in Invocations
  4620 | Ossuary  | Noticed a flying skull
  4625 | Ossuary  | Noticed a wraith
  4631 | Ossuary  | 4631 ||| INVOKING Heroism.
  4640 | Ossuary  | Killed a wraith
  4641 | Ossuary  | Reached XP level 8. HP: 34/48 MP: 7/10
  4690 | Ossuary  | 4690 ||| READING scroll labelled KACZIONUHUDD.
  4691 | Ossuary  | 4691 ||| READING scroll labelled KYLOANGEIS.
  4692 | Ossuary  | 4692 ||| DRINKING 2 golden potions.
  4693 | Ossuary  | 4693 ||| DRINKING 3 orange potions.
  4694 | Ossuary  | 4694 ||| READING 2 scrolls of identify.
  4694 | Ossuary  | 4694 ||| IDENTIFYING fuming emerald potion
  4743 | D:5      | 4743 ||| PLANNING D:1-11
  4780 | D:5      | Reached skill level 3 in Invocations
  4809 | D:5      | 4809 ||| INVOKING Heroism.
  4835 | D:5      | 4835 ||| INVOKING Heroism.
  4868 | D:5      | 4868 ||| DROPPING +0 flail.
  4881 | D:5      | 4881 ||| Stepping ~*~*~tactically~*~*~ (hiding).
  4885 | D:5      | 4885 ||| INVOKING Heroism.
  4904 | D:5      | 4904 ||| Stepping ~*~*~tactically~*~*~ (stealth).
  5003 | D:5      | Found a radiant altar of Vehumet.
  5004 | D:5      | Found a burning altar of Makhleb.
  5175 | D:5      | 5175 ||| INVOKING Heroism.
  5524 | D:5      | 5524 ||| READING scroll labelled CURYEV ATRA.
  5525 | D:5      | 5525 ||| DRINKING 2 murky purple potions.
  5525 | D:5      | Gained mutation: Your spells are a little easier to cast,
                  | but a little less powerful. [potion of mutation]
  5525 | D:5      | Gained mutation: Your muscles are strong. (Str +4, Int/Dex
                  | -1) [potion of mutation]
  5575 | D:6      | 5575 ||| READING scroll of enchant weapon.
  5575 | D:6      | 5575 ||| ENCHANTING +1 war axe.
  5606 | D:6      | 5606 ||| INVOKING Heroism.
  5624 | D:6      | Reached skill level 6 in Fighting
  5624 | D:6      | Reached XP level 9. HP: 48/55 MP: 12/12
  5724 | D:6      | 5724 ||| Stepping ~*~*~tactically~*~*~ (stealth).
  5737 | D:6      | 5737 ||| Stepping ~*~*~tactically~*~*~ (stealth).
  5740 | D:6      | 5740 ||| Stepping ~*~*~tactically~*~*~ (hiding).
  5742 | D:6      | 5742 ||| Stepping ~*~*~tactically~*~*~ (hiding).
  5748 | D:6      | Reached ** piety under Okawaru
  5774 | D:6      | Found a stormy altar of Qazlal.
  5829 | D:6      | Found a broken altar of Ashenzari.
  5868 | D:6      | 5868 ||| Stepping ~*~*~tactically~*~*~ (stealth).
  6059 | D:6      | Found a transporter.
  6061 | D:6      | Noticed qw's ghost (novice GrFi)
  6062 | D:6      | Found a transporter.
  6064 | D:6      | Identified the +7 great mace of Quantum Leap {flame, Will+
                  | rCorr}
  6093 | D:6      | 6093 ||| INVOKING Heroism.
  6428 | D:6      | 6428 ||| READING 2 scrolls of identify.
  6428 | D:6      | 6428 ||| IDENTIFYING bubbling amethyst potion
  6429 | D:6      | 6429 ||| DROPPING potion of berserk rage.
  6493 | D:7      | 6493 ||| Stepping ~*~*~tactically~*~*~ (stealth).
  6500 | D:7      | Reached skill level 9 in Axes
  6625 | D:7      | 6625 ||| Stepping ~*~*~tactically~*~*~ (stealth).
  6630 | D:7      | 6630 ||| INVOKING Heroism.
  6719 | D:7      | Identified the ring of the Camelopard {rN+ Will+ Str+2
                  | Stlth+}
  6745 | D:7      | Reached skill level 3 in Throwing
  7214 | D:7      | 7214 ||| UPGRADING to +0 helmet.
  7219 | D:7      | 7219 ||| DROPPING +1 hat.
  7220 | D:7      | 7220 ||| DROPPING ring of the Camelopard {rN+ Will+ Str+2
                  | Stlth+}.
  7221 | D:7      | 7221 ||| DRINKING 2 puce potions.
  7222 | D:7      | 7222 ||| READING 4 scrolls of identify.
  7222 | D:7      | 7222 ||| IDENTIFYING ruby potion
  7223 | D:7      | 7223 ||| READING 3 scrolls of identify.
  7223 | D:7      | 7223 ||| IDENTIFYING fuming green potion
  7224 | D:7      | 7224 ||| READING 2 scrolls of identify.
  7224 | D:7      | 7224 ||| IDENTIFYING fuming purple potion
  7225 | D:7      | 7225 ||| DROPPING potion of invisibility.
  7226 | D:7      | 7226 ||| DROPPING potion of brilliance.
  7227 | D:7      | 7227 ||| DROPPING potion of ambrosia.
  7228 | D:7      | 7228 ||| DROPPING potion of enlightenment.
  7253 | D:8      | 7253 ||| INVOKING Heroism.
  7279 | D:8      | 7279 ||| DROPPING +2 flail of venom.
  7494 | D:8      | 7494 ||| Stepping ~*~*~tactically~*~*~ (hiding).
  7498 | D:8      | 7498 ||| Stepping ~*~*~tactically~*~*~ (hiding).
  7514 | D:8      | 7514 ||| Stepping ~*~*~tactically~*~*~ (hiding).
  7517 | D:8      | 7517 ||| Stepping ~*~*~tactically~*~*~ (hiding).
  7525 | D:8      | 7525 ||| INVOKING Heroism.
  7571 | D:8      | 7571 ||| Stepping ~*~*~tactically~*~*~ (hiding).
  7573 | D:8      | 7573 ||| INVOKING Heroism.
  7702 | D:8      | Reached XP level 10. HP: 63/63 MP: 13/13
  7748 | D:8      | Noticed a two-headed ogre
  7749 | D:8      | 7749 ||| INVOKING Heroism.
  7760 | D:8      | Killed a two-headed ogre
  7799 | D:8      | 7799 ||| INVOKING Heroism.
  7813 | D:8      | Reached *** piety under Okawaru
  7814 | D:8      | 7814 ||| Stepping ~*~*~tactically~*~*~ (stealth).
  7827 | D:8      | 7827 ||| Stepping ~*~*~tactically~*~*~ (hiding).
  7828 | D:8      | 7828 ||| Stepping ~*~*~tactically~*~*~ (hiding).
  8125 | D:8      | 8125 ||| DROPPING +1 scale mail of cold resistance.
  8126 | D:8      | 8126 ||| UPGRADING to +0 plate armour.
  8136 | D:8      | 8136 ||| DROPPING +0 chain mail.
  8137 | D:8      | 8137 ||| UPGRADING to +0 cloak.
  8142 | D:8      | 8142 ||| READING scroll labelled GIYNNUQ DIQUVE.
  8208 | D:9      | 8208 ||| Stepping ~*~*~tactically~*~*~ (hiding).
  8214 | D:9      | 8214 ||| Stepping ~*~*~tactically~*~*~ (hiding).
  8215 | D:9      | 8215 ||| Stepping ~*~*~tactically~*~*~ (hiding).
  8222 | D:9      | 8222 ||| Stepping ~*~*~tactically~*~*~ (hiding).
  8307 | D:9      | Reached skill level 6 in Armour
  8377 | D:9      | 8377 ||| INVOKING Heroism.
  8382 | D:9      | Reached **** piety under Okawaru
  8551 | D:9      | 8551 ||| Stepping ~*~*~tactically~*~*~ (stealth).
  8556 | D:9      | 8556 ||| Stepping ~*~*~tactically~*~*~ (stealth).
  8667 | D:9      | Found a transporter.
  8668 | D:9      | Found a transporter.
  8668 | D:9      | Noticed a seven-headed hydra
  8669 | D:9      | 8669 ||| INVOKING Heroism.
  8672 | D:9      | 8672 ||| SWAPPING to +2 hand axe of flaming.
  8682 | D:9      | Killed a one-headed hydra
  8683 | D:9      | Reached XP level 11. HP: 47/68 MP: 12/15
  8714 | D:9      | 8714 ||| Stepping ~*~*~tactically~*~*~ (stealth).
  8714 | D:9      | Noticed qw's ghost (journeyman GrHu)
  8716 | D:9      | 8716 ||| Stepping ~*~*~tactically~*~*~ (stealth).
  8721 | D:9      | 8721 ||| FLEEEEING.
  8754 | D:9      | 8754 ||| UPGRADING to +2 war axe.
  8769 | D:9      | Reached skill level 6 in Invocations
  8772 | D:9      | 8772 ||| INVOKING Heroism.
  8932 | D:9      | 8932 ||| Stepping ~*~*~tactically~*~*~ (stealth).
  8952 | D:9      | 8952 ||| FLEEEEING.
  8959 | D:9      | 8959 ||| Stepping ~*~*~tactically~*~*~ (hiding).
  8960 | D:9      | 8960 ||| Stepping ~*~*~tactically~*~*~ (hiding).
  8968 | D:9      | 8968 ||| INVOKING Heroism.
  9176 | D:9      | 9176 ||| Stepping ~*~*~tactically~*~*~ (hiding).
  9342 | D:9      | 9342 ||| Stepping ~*~*~tactically~*~*~ (hiding).
  9350 | D:9      | 9350 ||| INVOKING Heroism.
  9369 | D:9      | 9369 ||| Stepping ~*~*~tactically~*~*~ (hiding).
  9591 | D:9      | 9591 ||| UPGRADING to +0 kite shield.
  9601 | D:9      | 9601 ||| DROPPING +0 buckler.
  9622 | D:10     | Entered Level 10 of the Dungeon
  9624 | D:10     | 9624 ||| STAIRDANCE
  9740 | D:10     | Found a glowing silver altar of Zin.
  9744 | D:10     | 9744 ||| INVOKING Heroism.
  9863 | D:10     | 9863 ||| Stepping ~*~*~tactically~*~*~ (stealth).
  9900 | D:10     | Reached skill level 6 in Shields
  9978 | D:10     | 9978 ||| Stepping ~*~*~tactically~*~*~ (hiding).
 10140 | D:10     | 10140 ||| Stepping ~*~*~tactically~*~*~ (stealth).
 10148 | D:10     | 10148 ||| Stepping ~*~*~tactically~*~*~ (stealth).
 10153 | D:10     | 10153 ||| Stepping ~*~*~tactically~*~*~ (stealth).
 10177 | D:10     | Found the +11 Singing Sword {sonic wave}
 10314 | D:10     | Identified the +0 ring mail "Letuhina" {rF+ Str+8 Int-3}
 10374 | D:10     | Noticed Nergalle
 10375 | D:10     | 10375 ||| Stepping ~*~*~tactically~*~*~ (hiding).
 10380 | D:10     | 10380 ||| INVOKING Heroism.
 10384 | D:10     | Noticed a spectral orc warlord
 10384 | D:10     | Killed Nergalle
 10384 | D:10     | Reached ***** piety under Okawaru
 10399 | D:10     | 10399 ||| Stepping ~*~*~tactically~*~*~ (stealth).
 10402 | D:10     | 10402 ||| Stepping ~*~*~tactically~*~*~ (hiding).
 10411 | D:10     | 10411 ||| Stepping ~*~*~tactically~*~*~ (stealth).
 10413 | D:10     | 10413 ||| Stepping ~*~*~tactically~*~*~ (stealth).
 10601 | D:10     | Received a gift from Okawaru
 10632 | D:10     | 10632 ||| FLEEEEING.
 10640 | D:10     | 10640 ||| FLEEEEING.
 10641 | D:10     | 10641 ||| FLEEEEING.
 10642 | D:10     | 10642 ||| FLEEEEING.
 10648 | D:10     | 10648 ||| INVOKING Heroism.
 10683 | D:10     | Found a staircase to the Lair.
 10783 | D:10     | 10783 ||| PLANNING LAIR
 10783 | D:10     | 10783 ||| UPGRADING to +0 pair of boots.
 10788 | D:10     | 10788 ||| DROPPING ring of magical power.
 10789 | D:10     | 10789 ||| READING 3 scrolls of identify.
 10789 | D:10     | 10789 ||| IDENTIFYING fuming brown potion
 10794 | Lair:1   | Entered Level 1 of the Lair of Beasts
 10817 | Lair:1   | 10817 ||| INVOKING Heroism.
 10826 | Lair:1   | Reached skill level 9 in Invocations
 10875 | Lair:1   | 10875 ||| INVOKING Heroism.
 10883 | Lair:1   | Received a gift from Okawaru
 10885 | Lair:1   | Reached XP level 12. HP: 33/74 MP: 16/19
 11039 | Lair:1   | 11039 ||| READING scroll of acquirement.
 11039 | Lair:1   | 11039 ||| ACQUIRING +9 broad axe "Transmigrator" {venom,
                  | *Noise rElec rPois Stlth+}
 11039 | Lair:1   | Acquired the +9 broad axe "Transmigrator" {venom, *Noise
                  | rElec rPois Stlth+}
 11041 | Lair:1   | 11041 ||| UPGRADING to +9 broad axe "Transmigrator" {venom,
                  | *Noise rElec rPois Stlth+}.
 11050 | Lair:1   | 11050 ||| INVOKING Heroism.
 11054 | Lair:1   | Reached skill level 9 in Shields
 11180 | Lair:1   | Identified the +0 ring mail "Huat Gou" {rElec rC++ Regen+
                  | Stlth-}
 11330 | Lair:1   | 11330 ||| INVOKING Heroism.
 11384 | Lair:1   | 11384 ||| Stepping ~*~*~tactically~*~*~ (stealth).
 11385 | Lair:1   | 11385 ||| Stepping ~*~*~tactically~*~*~ (stealth).
 11392 | Lair:1   | 11392 ||| INVOKING Heroism.
 11618 | Lair:1   | 11618 ||| INVOKING Heroism.
 11748 | Lair:1   | 11748 ||| INVOKING Heroism.
 11749 | Lair:1   | 11749 ||| INVOKING Finesse.
 11806 | Lair:1   | 11806 ||| INVOKING Heroism.
 11807 | Lair:1   | 11807 ||| INVOKING Finesse.
 11831 | Lair:1   | 11831 ||| FLEEEEING.
 11832 | Lair:1   | 11832 ||| FLEEEEING.
 11927 | Lair:1   | 11927 ||| FLEEEEING.
 11992 | Lair:1   | 11992 ||| FLEEEEING.
 12011 | Lair:1   | 12011 ||| INVOKING Heroism.
 12027 | Lair:1   | Reached skill level 9 in Fighting
 12027 | Lair:1   | 12027 ||| FLEEEEING.
 12028 | Lair:1   | 12028 ||| FLEEEEING.
 12029 | Lair:1   | 12029 ||| FLEEEEING.
 12032 | Lair:1   | 12032 ||| FLEEEEING.
 12033 | Lair:1   | 12033 ||| FLEEEEING.
 12034 | Lair:1   | 12034 ||| FLEEEEING.
 12035 | Lair:1   | 12035 ||| FLEEEEING.
 12036 | Lair:1   | 12036 ||| FLEEEEING.
 12037 | Lair:1   | 12037 ||| FLEEEEING.
 12041 | Lair:1   | 12041 ||| FLEEEEING.
 12084 | Lair:1   | 12084 ||| FLEEEEING.
 12085 | Lair:1   | 12085 ||| FLEEEEING.
 12086 | Lair:1   | 12086 ||| FLEEEEING.
 12087 | Lair:1   | 12087 ||| FLEEEEING.
 12088 | Lair:1   | 12088 ||| FLEEEEING.
 12089 | Lair:1   | 12089 ||| FLEEEEING.
 12090 | Lair:1   | 12090 ||| FLEEEEING.
 12091 | Lair:1   | 12091 ||| FLEEEEING.
 12092 | Lair:1   | 12092 ||| FLEEEEING.
 12093 | Lair:1   | 12093 ||| FLEEEEING.
 12094 | Lair:1   | 12094 ||| FLEEEEING.
 12157 | Lair:1   | 12157 ||| INVOKING Heroism.
 12174 | Lair:1   | 12174 ||| DROPPING +1 war axe of holy wrath.
 12310 | Lair:1   | 12310 ||| Stepping ~*~*~tactically~*~*~ (stealth).
 12311 | Lair:1   | 12311 ||| Stepping ~*~*~tactically~*~*~ (stealth).
 12412 | Lair:2   | 12412 ||| Stepping ~*~*~tactically~*~*~ (hiding).
 12477 | Lair:2   | 12477 ||| INVOKING Heroism.
 12483 | Lair:2   | Reached skill level 9 in Armour
 12531 | Lair:2   | 12531 ||| Stepping ~*~*~tactically~*~*~ (stealth).
 12676 | Lair:2   | Identified the +1 ring mail of Tijeafih {Rampage rF+ rN+
                  | Str+2 Int-3}
 12766 | Lair:2   | 12766 ||| Stepping ~*~*~tactically~*~*~ (stealth).
 12780 | Lair:2   | Received a gift from Okawaru
 12934 | Lair:2   | 12934 ||| Stepping ~*~*~tactically~*~*~ (stealth).
 13081 | Lair:2   | 13081 ||| INVOKING Heroism.
 13271 | Lair:3   | 13271 ||| PLANNING GAUNTLET
 13280 | Lair:3   | Reached XP level 13. HP: 80/80 MP: 20/20
 13280 | Lair:3   | 13280 ||| STAIRDANCE
 13283 | Lair:2   | Reached skill level 12 in Axes
 13286 | Lair:2   | Received a gift from Okawaru
 13319 | Lair:3   | 13319 ||| STAIRDANCE
 13322 | Lair:2   | 13322 ||| INVOKING Heroism.
 13416 | Lair:3   | 13416 ||| STAIRDANCE
 13418 | Lair:2   | 13418 ||| INVOKING Heroism.
 13485 | Lair:3   | Noticed qw's ghost (journeyman GrFi)
 13577 | Lair:3   | You fall into a shaft and drop 2 floors!
 13577 | Lair:5   | Entered Level 5 of the Lair of Beasts
 13578 | Lair:5   | 13578 ||| INVOKING Heroism.
 13579 | Lair:5   | 13579 ||| INVOKING Finesse.
 13586 | Lair:5   | Received a gift from Okawaru
 13628 | Lair:5   | 13628 ||| Stepping ~*~*~tactically~*~*~ (stealth).
 13657 | Lair:5   | 13657 ||| INVOKING Heroism.
 13770 | Lair:5   | 13770 ||| INVOKING Heroism.
 13786 | Lair:5   | 13786 ||| INVOKING Heroism.
 13808 | Lair:5   | 13808 ||| UPGRADING to +2 pair of boots of stealth.
 13818 | Lair:5   | 13818 ||| DROPPING +0 pair of boots.
 13891 | Lair:4   | 13891 ||| INVOKING Heroism.
 13912 | Lair:4   | 13912 ||| Stepping ~*~*~tactically~*~*~ (hiding).
 13914 | Lair:4   | 13914 ||| Stepping ~*~*~tactically~*~*~ (hiding).
 13915 | Lair:4   | 13915 ||| INVOKING Finesse.
 13973 | Lair:4   | 13973 ||| INVOKING Heroism.
 13978 | Lair:4   | 13978 ||| SWAPPING to +2 hand axe of flaming.
 14019 | Lair:4   | 14019 ||| UPGRADING to +9 broad axe "Transmigrator" {venom,
                  | *Noise rElec rPois Stlth+}.
 14265 | Lair:4   | 14265 ||| RIP GAUNTLET
 14265 | Lair:4   | 14265 ||| PLANNING LAIR
 14359 | Lair:4   | 14359 ||| INVOKING Heroism.
 14479 | Lair:4   | 14479 ||| DROPPING ring of see invisible.
 14487 | Lair:3   | 14487 ||| RIP GAUNTLET
 14487 | Lair:3   | Found a hole to the Spider Nest.
 14492 | Lair:3   | 14492 ||| INVOKING Heroism.
 14499 | Lair:3   | 14499 ||| SWAPPING to +2 hand axe of flaming.
 14522 | Lair:3   | 14522 ||| UPGRADING to +9 broad axe "Transmigrator" {venom,
                  | *Noise rElec rPois Stlth+}.
 14576 | Lair:3   | 14576 ||| Stepping ~*~*~tactically~*~*~ (stealth).
 14579 | Lair:3   | 14579 ||| Stepping ~*~*~tactically~*~*~ (stealth).
 14580 | Lair:3   | 14580 ||| Stepping ~*~*~tactically~*~*~ (stealth).
 14581 | Lair:3   | 14581 ||| Stepping ~*~*~tactically~*~*~ (stealth).
 14587 | Lair:3   | 14587 ||| Stepping ~*~*~tactically~*~*~ (stealth).
 14591 | Lair:3   | 14591 ||| Stepping ~*~*~tactically~*~*~ (hiding).
 14597 | Lair:3   | 14597 ||| INVOKING Heroism.
 14633 | Lair:3   | Found a transporter.
 14653 | Lair:3   | Found a transporter.
 14681 | Lair:3   | 14681 ||| INVOKING Heroism.
 14725 | Lair:3   | 14725 ||| Stepping ~*~*~tactically~*~*~ (stealth).
 14726 | Lair:3   | 14726 ||| INVOKING Heroism.
 14861 | Lair:3   | 14861 ||| INVOKING Heroism.
 14929 | Lair:3   | 14929 ||| Stepping ~*~*~tactically~*~*~ (stealth).
 14932 | Lair:3   | Gained mutation: Your large and strong wings let you fly.
                  | [Gargoyle growth]
 14932 | Lair:3   | Reached XP level 14. HP: 88/88 MP: 21/21
 15032 | Lair:3   | Found a staircase to the Swamp.
 15202 | Lair:3   | Found an ornate altar of the Wu Jian Council.
 15202 | Lair:3   | Found a hide-covered altar of Uskayaw.
 15372 | Lair:4   | 15372 ||| Stepping ~*~*~tactically~*~*~ (stealth).
 15374 | Lair:4   | 15374 ||| Stepping ~*~*~tactically~*~*~ (stealth).
 15392 | Lair:4   | 15392 ||| Stepping ~*~*~tactically~*~*~ (stealth).
 15402 | Lair:4   | 15402 ||| Stepping ~*~*~tactically~*~*~ (stealth).
 15403 | Lair:4   | 15403 ||| Stepping ~*~*~tactically~*~*~ (stealth).
 15404 | Lair:4   | 15404 ||| Stepping ~*~*~tactically~*~*~ (stealth).
 15405 | Lair:4   | 15405 ||| Stepping ~*~*~tactically~*~*~ (stealth).
 15600 | Lair:4   | Found a viscous altar of Jiyva.
 15602 | Lair:4   | 15602 ||| INVOKING Heroism.
 15603 | Lair:4   | Found a staircase to the Slime Pits.
 15614 | Lair:4   | 15614 ||| READING 6 scrolls of teleportation.
 15615 | Lair:4   | HP: 13/88 [oklob plant/splash of acid (24)]
 15616 | Lair:4   | 15616 ||| DRINKING 4 potions of heal wounds.
 15975 | Lair:4   | 15975 ||| FLEEEEING.
 16041 | Lair:4   | 16041 ||| FLEEEEING.
 16161 | Lair:4   | 16161 ||| INVOKING Heroism.
 16181 | Lair:4   | Received a gift from Okawaru
 16561 | Lair:5   | Noticed Nessos
 16566 | Lair:5   | 16566 ||| Stepping ~*~*~tactically~*~*~ (hiding).
 16571 | Lair:5   | 16571 ||| INVOKING Heroism.
 16573 | Lair:5   | Killed Nessos
 16784 | Lair:5   | 16784 ||| Stepping ~*~*~tactically~*~*~ (stealth).
 16924 | Lair:5   | 16924 ||| Stepping ~*~*~tactically~*~*~ (stealth).
 17031 | Lair:5   | 17031 ||| Stepping ~*~*~tactically~*~*~ (hiding).
 17082 | Lair:5   | 17082 ||| Stepping ~*~*~tactically~*~*~ (stealth).
 17087 | Lair:5   | 17087 ||| INVOKING Heroism.
 17091 | Lair:5   | 17091 ||| Stepping ~*~*~tactically~*~*~ (stealth).
 17105 | Lair:5   | Reached skill level 12 in Shields
 17106 | Lair:5   | 17106 ||| Stepping ~*~*~tactically~*~*~ (stealth).
 17110 | Lair:5   | 17110 ||| Stepping ~*~*~tactically~*~*~ (stealth).
 17112 | Lair:5   | 17112 ||| Stepping ~*~*~tactically~*~*~ (stealth).
 17221 | Lair:5   | 17221 ||| Stepping ~*~*~tactically~*~*~ (stealth).
 17244 | Lair:5   | 17244 ||| Stepping ~*~*~tactically~*~*~ (hiding).
 17251 | Lair:5   | Received a gift from Okawaru
 17271 | Lair:5   | Identified the ring "Yboetoen" {+Blink rF+ Str+2 Slay+2}
 17301 | Lair:5   | 17301 ||| Stepping ~*~*~tactically~*~*~ (stealth).
 17302 | Lair:5   | 17302 ||| Stepping ~*~*~tactically~*~*~ (stealth).
 17366 | Lair:5   | Received a gift from Okawaru
 17406 | Lair:5   | Found a corrupted altar of Lugonu.
 17406 | Lair:5   | Found a one-way gate to the infinite horrors of the Abyss.
 17750 | Lair:5   | 17750 ||| PLANNING D:1-11
 17750 | Lair:5   | 17750 ||| UPGRADING to ring "Yboetoen" {+Blink rF+ Str+2
                  | Slay+2}.
 17752 | Lair:5   | 17752 ||| DROPPING +6 ring of intelligence.
 17753 | Lair:5   | 17753 ||| UPGRADING to +6 ring of strength.
 17755 | Lair:5   | 17755 ||| READING scroll labelled QUECZE MIN ZUE.
 17963 | D:11     | 17963 ||| Stepping ~*~*~tactically~*~*~ (stealth).
 17964 | D:11     | 17964 ||| Stepping ~*~*~tactically~*~*~ (stealth).
 18002 | D:11     | 18002 ||| READING scroll of acquirement.
 18002 | D:11     | 18002 ||| ACQUIRING +1 broad axe of electrocution
 18002 | D:11     | Acquired a +1 broad axe of electrocution
 18004 | D:11     | 18004 ||| DROPPING +2 war axe.
 18024 | D:11     | 18024 ||| Stepping randomly (disturbance).
 18261 | D:11     | Identified the +7 rapier of Keid Nuc {drain, rC+ MP-9
                  | Int+4}
 18424 | D:11     | 18424 ||| Stepping ~*~*~tactically~*~*~ (stealth).
 18498 | D:11     | Found a staircase to the Orcish Mines.
 18685 | D:11     | Found Fuiriomm's Assorted Antiques.
 18702 | D:11     | 18702 ||| PLANNING D
 18738 | D:11     | 18738 ||| PLANNING D:1-11
 18739 | D:11     | 18739 ||| PLANNING D
 18750 | D:11     | 18750 ||| PLANNING D:1-11
 18751 | D:11     | 18751 ||| PLANNING D
 18764 | D:11     | 18764 ||| PLANNING D:1-11
 18765 | D:11     | 18765 ||| PLANNING D
 18788 | D:11     | 18788 ||| PLANNING D:1-11
 18789 | D:11     | 18789 ||| PLANNING D
 18814 | D:11     | 18814 ||| PLANNING D:1-11
 18815 | D:11     | 18815 ||| PLANNING D
 18825 | D:11     | 18825 ||| PLANNING D:1-11
 18826 | D:11     | 18826 ||| PLANNING D
 18849 | D:11     | 18849 ||| PLANNING D:1-11
 18850 | D:11     | 18850 ||| PLANNING D
 18865 | D:11     | 18865 ||| PLANNING D:1-11
 18866 | D:11     | 18866 ||| PLANNING D
 18916 | D:11     | 18916 ||| PLANNING D:1-11
 18917 | D:11     | 18917 ||| PLANNING D
 19013 | D:12     | 19013 ||| INVOKING Heroism.
 19027 | D:12     | Reached skill level 6 in Throwing
 19111 | D:12     | 19111 ||| INVOKING Heroism.
 19115 | D:12     | Received a gift from Okawaru
 19175 | D:12     | 19175 ||| Stepping ~*~*~tactically~*~*~ (hiding).
 19250 | D:12     | Noticed Snorg
 19251 | D:12     | 19251 ||| INVOKING Heroism.
 19263 | D:12     | Killed Snorg
 19645 | D:12     | Identified the +6 scale mail of the New World {rPois rN+
                  | Int+3}
 19654 | D:12     | 19654 ||| Stepping ~*~*~tactically~*~*~ (hiding).
 19661 | D:12     | Noticed a tengu reaver
 19662 | D:12     | 19662 ||| INVOKING Heroism.
 19665 | D:12     | Received a gift from Okawaru
 19666 | D:12     | 19666 ||| Stepping ~*~*~tactically~*~*~ (hiding).
 19671 | D:12     | Reached skill level 15 in Axes
 19671 | D:12     | Reached XP level 15. HP: 65/94 MP: 20/22
 19671 | D:12     | 19671 ||| Stepping ~*~*~tactically~*~*~ (hiding).
 19678 | D:12     | Killed a tengu reaver
 19680 | D:12     | 19680 ||| Stepping ~*~*~tactically~*~*~ (hiding).
 19687 | D:12     | Noticed a frost giant
 19693 | D:12     | 19693 ||| Stepping ~*~*~tactically~*~*~ (hiding).
 19695 | D:12     | Received a gift from Okawaru
 19696 | D:12     | 19696 ||| Stepping ~*~*~tactically~*~*~ (hiding).
 19701 | D:12     | 19701 ||| INVOKING Finesse.
 19704 | D:12     | 19704 ||| Stepping ~*~*~tactically~*~*~ (hiding).
 19712 | D:12     | Killed a frost giant
 19714 | D:12     | 19714 ||| Stepping ~*~*~tactically~*~*~ (hiding).
 19723 | D:12     | Reached skill level 12 in Fighting
 19861 | D:12     | Found the +5 glaive of the Guard {elec, spectral, AC+5}
 19906 | D:12     | 19906 ||| READING scroll of acquirement.
 19906 | D:12     | 19906 ||| ACQUIRING ring of Disetujo {Fire Str+4}
 19906 | D:12     | Acquired the ring of Disetujo {Fire Str+4}
 19987 | D:12     | 19987 ||| READING scroll labelled CIRUUNN TUIN.
 20082 | D:13     | 20082 ||| INVOKING Heroism.
 20086 | D:13     | 20086 ||| Stepping ~*~*~tactically~*~*~ (stealth).
 20105 | D:13     | 20105 ||| Stepping ~*~*~tactically~*~*~ (stealth).
 20504 | D:13     | Noticed Jorgrun
 20505 | D:13     | 20505 ||| INVOKING Heroism.
 20515 | D:13     | Killed Jorgrun
 20520 | D:13     | 20520 ||| Stepping ~*~*~tactically~*~*~ (stealth).
 20736 | D:13     | 20736 ||| Stepping ~*~*~tactically~*~*~ (hiding).
 20738 | D:13     | 20738 ||| Stepping ~*~*~tactically~*~*~ (hiding).
 20739 | D:13     | 20739 ||| Stepping ~*~*~tactically~*~*~ (hiding).
 20938 | D:13     | 20938 ||| READING 12 scrolls of identify.
 20938 | D:13     | 20938 ||| IDENTIFYING pink potion
 20972 | D:14     | 20972 ||| STAIRDANCE
 20974 | D:13     | 20974 ||| INVOKING Heroism.
 21138 | D:14     | 21138 ||| Stepping ~*~*~tactically~*~*~ (stealth).
 21208 | D:14     | 21208 ||| Stepping ~*~*~tactically~*~*~ (stealth).
 21208 | D:14     | Noticed Rupert
 21209 | D:14     | 21209 ||| Stepping ~*~*~tactically~*~*~ (stealth).
 21210 | D:14     | 21210 ||| INVOKING Heroism.
 21211 | D:14     | 21211 ||| INVOKING Finesse.
 21221 | D:14     | Killed Rupert
 21221 | D:14     | Received a gift from Okawaru
 21241 | D:14     | 21241 ||| Stepping ~*~*~tactically~*~*~ (stealth).
 21250 | D:14     | 21250 ||| Stepping ~*~*~tactically~*~*~ (stealth).
 21297 | D:14     | 21297 ||| Stepping ~*~*~tactically~*~*~ (hiding).
 21412 | D:14     | 21412 ||| Stepping ~*~*~tactically~*~*~ (hiding).
 21414 | D:14     | 21414 ||| Stepping ~*~*~tactically~*~*~ (hiding).
 21580 | D:14     | Reached skill level 3 in Dodging
 21595 | D:14     | 21595 ||| Stepping ~*~*~tactically~*~*~ (stealth).
 21608 | D:14     | 21608 ||| INVOKING Heroism.
 21616 | D:14     | Received a gift from Okawaru
 21619 | D:14     | 21619 ||| FLEEEEING.
 21620 | D:14     | 21620 ||| FLEEEEING.
 21832 | D:14     | Noticed Kirke
 21833 | D:14     | 21833 ||| INVOKING Heroism.
 21834 | D:14     | 21834 ||| INVOKING Finesse.
 21836 | D:14     | Received a gift from Okawaru
 21841 | D:14     | Killed Kirke
 21965 | D:14     | Reached skill level 12 in Armour
 22022 | D:14     | Found the +8 longbow "Zephyr" {speed, Dex+3 SInv}
 22024 | D:14     | Identified the +2 spear of Bloodstone {flame, rPois rN++
                  | Int-3 Stlth+}
 22119 | D:14     | Identified the +1 crystal plate armour "Ablucw" {Dex+2}
                  | (Okawaru gifted it to you on level 14 of the Dungeon)
 22119 | D:14     | Received a gift from Okawaru
 22140 | D:14     | Found a gate to the Vaults.
 22491 | D:14     | 22491 ||| DROPPING +0 ring mail "Letuhina" {rF+ Str+8
                  | Int-3}.
 22492 | D:14     | 22492 ||| DROPPING +0 ring mail "Huat Gou" {rElec rC++
                  | Regen+ Stlth-}.
 22493 | D:14     | 22493 ||| UPGRADING to +1 crystal plate armour "Ablucw"
                  | {Dex+2}.
 22503 | D:14     | 22503 ||| DROPPING +0 plate armour.
 22504 | D:14     | 22504 ||| DROPPING amulet of magic regeneration.
 22525 | D:15     | Entered Level 15 of the Dungeon
 22532 | D:15     | 22532 ||| Stepping ~*~*~tactically~*~*~ (hiding).
 22565 | D:15     | 22565 ||| Stepping ~*~*~tactically~*~*~ (hiding).
 22574 | D:15     | Reached XP level 16. HP: 101/101 MP: 23/23
 22642 | D:15     | 22642 ||| INVOKING Heroism.
 22664 | D:15     | 22664 ||| Stepping ~*~*~tactically~*~*~ (stealth).
 22680 | D:15     | 22680 ||| INVOKING Heroism.
 22700 | D:15     | Found a staircase to the Depths.
 22754 | D:15     | 22754 ||| Stepping ~*~*~tactically~*~*~ (hiding).
 22771 | D:15     | 22771 ||| Stepping ~*~*~tactically~*~*~ (stealth).
 22803 | D:15     | 22803 ||| Stepping ~*~*~tactically~*~*~ (stealth).
 22805 | D:15     | 22805 ||| Stepping ~*~*~tactically~*~*~ (stealth).
 22818 | D:15     | 22818 ||| INVOKING Heroism.
 22820 | D:15     | 22820 ||| Stepping ~*~*~tactically~*~*~ (stealth).
 22929 | D:15     | 22929 ||| Stepping ~*~*~tactically~*~*~ (hiding).
 22945 | D:15     | 22945 ||| INVOKING Heroism.
 22946 | D:15     | 22946 ||| INVOKING Finesse.
 23015 | D:15     | 23015 ||| Stepping ~*~*~tactically~*~*~ (hiding).
 23016 | D:15     | 23016 ||| Stepping ~*~*~tactically~*~*~ (hiding).
 23017 | D:15     | 23017 ||| Stepping ~*~*~tactically~*~*~ (hiding).
 23176 | D:15     | 23176 ||| Stepping ~*~*~tactically~*~*~ (stealth).
 23229 | D:15     | 23229 ||| Stepping ~*~*~tactically~*~*~ (stealth).
 23239 | D:15     | 23239 ||| Stepping ~*~*~tactically~*~*~ (stealth).
 23240 | D:15     | 23240 ||| INVOKING Heroism.
 23242 | D:15     | 23242 ||| INVOKING Finesse.
 23264 | D:15     | Found Zus Ryas's Distillery.
 23318 | D:15     | 23318 ||| BUYING potion of curing (36 gold).
 23318 | D:15     | Bought a potion of curing for 36 gold pieces
 23318 | D:15     | 23318 ||| BUYING potion of heal wounds (60 gold).
 23318 | D:15     | Bought a potion of heal wounds for 60 gold pieces
 23318 | D:15     | 23318 ||| BUYING potion of lignification (36 gold).
 23318 | D:15     | Bought a potion of lignification for 36 gold pieces
 23439 | D:15     | 23439 ||| PLANNING ORC
 23523 | Orc:1    | Entered Level 1 of the Orcish Mines
 23531 | Orc:1    | 23531 ||| INVOKING Heroism.
 23547 | Orc:1    | Noticed Erica
 23548 | Orc:1    | 23548 ||| INVOKING Finesse.
 23566 | Orc:1    | Killed Erica
 23708 | Orc:1    | 23708 ||| Stepping ~*~*~tactically~*~*~ (stealth).
 23709 | Orc:1    | 23709 ||| Stepping ~*~*~tactically~*~*~ (stealth).
 23710 | Orc:1    | 23710 ||| Stepping ~*~*~tactically~*~*~ (stealth).
 23711 | Orc:1    | 23711 ||| Stepping ~*~*~tactically~*~*~ (stealth).
 23712 | Orc:1    | 23712 ||| Stepping ~*~*~tactically~*~*~ (stealth).
 23713 | Orc:1    | 23713 ||| INVOKING Heroism.
 23716 | Orc:1    | 23716 ||| Stepping ~*~*~tactically~*~*~ (hiding).
 23797 | Orc:1    | 23797 ||| Stepping ~*~*~tactically~*~*~ (stealth).
 23798 | Orc:1    | 23798 ||| Stepping ~*~*~tactically~*~*~ (stealth).
 23800 | Orc:1    | 23800 ||| Stepping ~*~*~tactically~*~*~ (hiding).
 23931 | Orc:1    | 23931 ||| INVOKING Heroism.
 24169 | Orc:2    | Entered Level 2 of the Orcish Mines
 24195 | Orc:2    | 24195 ||| FLEEEEING.
 24196 | Orc:2    | 24196 ||| FLEEEEING.
 24197 | Orc:2    | 24197 ||| FLEEEEING.
 24198 | Orc:2    | 24198 ||| STAIRDANCE
 24279 | Orc:2    | 24279 ||| INVOKING Heroism.
 24287 | Orc:2    | 24287 ||| DRINKING 6 potions of curing.
 24287 | Orc:2    | 24287 ||| (to cure confusion)
 24334 | Orc:2    | 24334 ||| FLEEEEING.
 24335 | Orc:2    | 24335 ||| FLEEEEING.
 24336 | Orc:2    | 24336 ||| FLEEEEING.
 24337 | Orc:2    | 24337 ||| STAIRDANCE
 24398 | Orc:2    | 24398 ||| Stepping ~*~*~tactically~*~*~ (hiding).
 24399 | Orc:2    | 24399 ||| INVOKING Heroism.
 24420 | Orc:2    | Reached skill level 15 in Armour
 24436 | Orc:2    | Found a staircase to the Elven Halls.
 24471 | Orc:2    | 24471 ||| Stepping ~*~*~tactically~*~*~ (stealth).
 24472 | Orc:2    | 24472 ||| Stepping ~*~*~tactically~*~*~ (stealth).
 24474 | Orc:2    | 24474 ||| Stepping ~*~*~tactically~*~*~ (stealth).
 24492 | Orc:2    | 24492 ||| Stepping ~*~*~tactically~*~*~ (stealth).
 24502 | Orc:2    | Received a gift from Okawaru
 24505 | Orc:2    | 24505 ||| INVOKING Heroism.
 24518 | Orc:2    | Received a gift from Okawaru
 24529 | Orc:2    | 24529 ||| Stepping ~*~*~tactically~*~*~ (hiding).
 24553 | Orc:2    | 24553 ||| Stepping ~*~*~tactically~*~*~ (stealth).
 24560 | Orc:2    | 24560 ||| Stepping ~*~*~tactically~*~*~ (stealth).
 24566 | Orc:2    | 24566 ||| Stepping ~*~*~tactically~*~*~ (stealth).
 24568 | Orc:2    | 24568 ||| Stepping ~*~*~tactically~*~*~ (stealth).
 24569 | Orc:2    | 24569 ||| Stepping ~*~*~tactically~*~*~ (stealth).
 24571 | Orc:2    | 24571 ||| Stepping ~*~*~tactically~*~*~ (stealth).
 24731 | Orc:2    | Found a shimmering blue altar of Sif Muna.
 24781 | Orc:2    | Found Keuge's Book Shoppe.
 24781 | Orc:2    | Found Faucutweoz's Weapon Shop.
 24781 | Orc:2    | Found Yniraur's Assorted Antiques.
 24781 | Orc:2    | Found Rutwogamoi's Distillery.
 24783 | Orc:2    | Noticed Erolcha
 24791 | Orc:2    | Killed Erolcha
 24810 | Orc:2    | 24810 ||| BUYING potion of heal wounds (180 gold).
 24810 | Orc:2    | Bought a potion of heal wounds for 180 gold pieces
 24810 | Orc:2    | 24810 ||| BUYING potion of heal wounds (180 gold).
 24810 | Orc:2    | Bought a potion of heal wounds for 180 gold pieces
 24810 | Orc:2    | 24810 ||| BUYING twisted golden amulet (180 gold).
 24810 | Orc:2    | Bought a twisted golden amulet for 180 gold pieces
 24811 | Orc:2    | 24811 ||| BUYING potion of curing (36 gold).
 24811 | Orc:2    | Bought a potion of curing for 36 gold pieces
 24811 | Orc:2    | 24811 ||| BUYING potion of heal wounds (60 gold).
 24811 | Orc:2    | Bought a potion of heal wounds for 60 gold pieces
 24811 | Orc:2    | 24811 ||| BUYING potion of heal wounds (60 gold).
 24811 | Orc:2    | Bought a potion of heal wounds for 60 gold pieces
 24811 | Orc:2    | 24811 ||| BUYING potion of resistance (120 gold).
 24811 | Orc:2    | Bought a potion of resistance for 120 gold pieces
 24992 | Orc:2    | 24992 ||| PLANNING SWAMP:1-3
 24992 | Orc:2    | 24992 ||| UPGRADING to amulet of faith.
 25010 | Orc:2    | 25010 ||| Stepping ~*~*~tactically~*~*~ (stealth).
 25218 | Swamp:1  | Entered Level 1 of the Swamp
 25219 | Swamp:1  | 25219 ||| INVOKING Heroism.
 25220 | Swamp:1  | 25220 ||| SWAPPING to +2 hand axe of flaming.
 25247 | Swamp:1  | 25247 ||| UPGRADING to +9 broad axe "Transmigrator" {venom,
                  | *Noise rElec rPois Stlth+}.
 25272 | Swamp:1  | 25272 ||| INVOKING Heroism.
 25273 | Swamp:1  | 25273 ||| INVOKING Finesse.
 25278 | Swamp:1  | Received a gift from Okawaru
 25280 | Swamp:1  | 25280 ||| SWAPPING to +2 hand axe of flaming.
 25365 | Swamp:1  | 25365 ||| Stepping ~*~*~tactically~*~*~ (stealth).
 25366 | Swamp:1  | 25366 ||| Stepping ~*~*~tactically~*~*~ (stealth).
 25368 | Swamp:1  | 25368 ||| Stepping ~*~*~tactically~*~*~ (stealth).
 25372 | Swamp:1  | 25372 ||| Stepping ~*~*~tactically~*~*~ (stealth).
 25374 | Swamp:1  | 25374 ||| Stepping ~*~*~tactically~*~*~ (stealth).
 25388 | Swamp:1  | 25388 ||| Stepping ~*~*~tactically~*~*~ (stealth).
 25403 | Swamp:1  | 25403 ||| Stepping ~*~*~tactically~*~*~ (cloud).
 25404 | Swamp:1  | 25404 ||| Stepping ~*~*~tactically~*~*~ (cloud).
 25406 | Swamp:1  | 25406 ||| INVOKING Heroism.
 25410 | Swamp:1  | 25410 ||| Stepping ~*~*~tactically~*~*~ (hiding).
 25451 | Swamp:1  | 25451 ||| Stepping ~*~*~tactically~*~*~ (stealth).
 25487 | Swamp:1  | 25487 ||| Stepping ~*~*~tactically~*~*~ (stealth).
 25529 | Swamp:1  | 25529 ||| Stepping ~*~*~tactically~*~*~ (cloud).
 25585 | Swamp:1  | 25585 ||| UPGRADING to +9 broad axe "Transmigrator" {venom,
                  | *Noise rElec rPois Stlth+}.
 25711 | Swamp:1  | Received a gift from Okawaru
 26046 | Swamp:1  | 26046 ||| DROPPING +4 ring of protection.
 26047 | Swamp:1  | 26047 ||| DROPPING ring of willpower.
 26048 | Swamp:1  | 26048 ||| UPGRADING to +5 ring of evasion.
 26086 | Swamp:2  | 26086 ||| INVOKING Heroism.
 26118 | Swamp:2  | 26118 ||| INVOKING Heroism.
 26122 | Swamp:2  | Reached XP level 17. HP: 108/108 MP: 21/24
 26186 | Swamp:2  | 26186 ||| Stepping ~*~*~tactically~*~*~ (stealth).
 26188 | Swamp:2  | 26188 ||| Stepping ~*~*~tactically~*~*~ (hiding).
 26319 | Swamp:2  | 26319 ||| Stepping ~*~*~tactically~*~*~ (hiding).
 26358 | Swamp:2  | 26358 ||| INVOKING Heroism.
 26365 | Swamp:2  | 26365 ||| Stepping ~*~*~tactically~*~*~ (hiding).
 26448 | Swamp:2  | 26448 ||| FLEEEEING.
 26449 | Swamp:2  | 26449 ||| FLEEEEING.
 26450 | Swamp:2  | 26450 ||| FLEEEEING.
 26565 | Swamp:2  | 26565 ||| Stepping ~*~*~tactically~*~*~ (stealth).
 26568 | Swamp:2  | 26568 ||| Stepping ~*~*~tactically~*~*~ (stealth).
 26570 | Swamp:2  | 26570 ||| INVOKING Heroism.
 26722 | Swamp:2  | 26722 ||| Stepping ~*~*~tactically~*~*~ (stealth).
 26811 | Swamp:2  | 26811 ||| INVOKING Heroism.
 26813 | Swamp:2  | 26813 ||| Stepping ~*~*~tactically~*~*~ (hiding).
 26847 | Swamp:2  | Received a gift from Okawaru
 26861 | Swamp:2  | Identified the +2 scale mail "Ydutz" {Int+5}
 26886 | Swamp:2  | 26886 ||| INVOKING Heroism.
 26945 | Swamp:2  | 26945 ||| INVOKING Heroism.
 27064 | Swamp:2  | 27064 ||| Stepping ~*~*~tactically~*~*~ (hiding).
 27068 | Swamp:2  | 27068 ||| INVOKING Heroism.
 27079 | Swamp:2  | 27079 ||| Stepping ~*~*~tactically~*~*~ (stealth).
 27131 | Swamp:2  | Noticed Nikola
 27133 | Swamp:2  | 27133 ||| FLEEEEING.
 27134 | Swamp:2  | 27134 ||| FLEEEEING.
 27135 | Swamp:2  | 27135 ||| FLEEEEING.
 27136 | Swamp:2  | 27136 ||| FLEEEEING.
 27148 | Swamp:2  | 27148 ||| FLEEEEING.
 27149 | Swamp:2  | 27149 ||| FLEEEEING.
 27164 | Swamp:2  | 27164 ||| INVOKING Heroism.
 27169 | Swamp:2  | HP: 15/108 [Nikola/arc of chain lightning (60)]
 27170 | Swamp:2  | 27170 ||| READING 8 scrolls of teleportation.
 27171 | Swamp:2  | 27171 ||| DRINKING 10 potions of heal wounds.
 27264 | Swamp:2  | Killed Nikola
 27264 | Swamp:2  | Received a gift from Okawaru
 27433 | Swamp:2  | 27433 ||| Stepping ~*~*~tactically~*~*~ (stealth).
 27435 | Swamp:2  | 27435 ||| Stepping ~*~*~tactically~*~*~ (stealth).
 27436 | Swamp:2  | 27436 ||| Stepping ~*~*~tactically~*~*~ (stealth).
 27614 | Swamp:2  | 27614 ||| Stepping ~*~*~tactically~*~*~ (stealth).
 27676 | Swamp:3  | 27676 ||| INVOKING Heroism.
 27677 | Swamp:3  | 27677 ||| Stepping ~*~*~tactically~*~*~ (hiding).
 27817 | Swamp:3  | 27817 ||| INVOKING Heroism.
 27819 | Swamp:3  | Received a gift from Okawaru
 27974 | Swamp:3  | 27974 ||| INVOKING Heroism.
 27977 | Swamp:3  | 27977 ||| SWAPPING to +2 hand axe of flaming.
 27990 | Swamp:3  | 27990 ||| UPGRADING to +9 broad axe "Transmigrator" {venom,
                  | *Noise rElec rPois Stlth+}.
 28001 | Swamp:3  | 28001 ||| Stepping ~*~*~tactically~*~*~ (stealth).
 28033 | Swamp:3  | Identified the +2 chain mail "Foemygam" {rPois Regen+ Str-2
                  | Dex+5}
 28371 | Swamp:3  | 28371 ||| PLANNING SPIDER:1-3
 28456 | Spider:1 | Entered Level 1 of the Spider Nest
 28462 | Spider:1 | 28462 ||| STAIRDANCE
 28496 | Spider:1 | 28496 ||| STAIRDANCE
 28544 | Spider:1 | 28544 ||| STAIRDANCE
 28602 | Spider:1 | 28602 ||| STAIRDANCE
 28624 | Spider:1 | 28624 ||| INVOKING Finesse.
 28628 | Spider:1 | Reached skill level 18 in Axes
 28631 | Spider:1 | 28631 ||| Stepping ~*~*~tactically~*~*~ (hiding).
 28634 | Spider:1 | 28634 ||| INVOKING Heroism.
 28670 | Spider:1 | Received a gift from Okawaru
 28700 | Spider:1 | 28700 ||| Stepping ~*~*~tactically~*~*~ (stealth).
 28701 | Spider:1 | 28701 ||| Stepping ~*~*~tactically~*~*~ (stealth).
 28702 | Spider:1 | 28702 ||| Stepping ~*~*~tactically~*~*~ (stealth).
 28829 | Spider:1 | 28829 ||| Stepping ~*~*~tactically~*~*~ (stealth).
 29059 | Spider:1 | 29059 ||| Stepping ~*~*~tactically~*~*~ (hiding).
 29074 | Spider:1 | 29074 ||| INVOKING Heroism.
 29210 | Spider:1 | Found a frozen archway.
 29211 | Spider:1 | 29211 ||| INVOKING Heroism.
 29212 | Spider:1 | 29212 ||| INVOKING Finesse.
 29236 | Spider:1 | 29236 ||| Stepping ~*~*~tactically~*~*~ (cloud).
 29462 | Spider:2 | 29462 ||| INVOKING Heroism.
 29464 | Spider:2 | 29464 ||| STAIRDANCE
 29562 | Spider:2 | 29562 ||| INVOKING Heroism.
 29566 | Spider:2 | 29566 ||| DRINKING 8 potions of curing.
 29566 | Spider:2 | 29566 ||| (to cure confusion)
 29671 | Spider:2 | Identified the +0 morningstar "Pydioc" {pain, Int+4}
 29688 | Spider:2 | 29688 ||| Stepping ~*~*~tactically~*~*~ (hiding).
 29692 | Spider:2 | 29692 ||| INVOKING Heroism.
 29826 | Spider:2 | 29826 ||| Stepping ~*~*~tactically~*~*~ (hiding).
 29832 | Spider:2 | 29832 ||| DRINKING 7 potions of curing.
 29832 | Spider:2 | 29832 ||| (to cure confusion)
 29858 | Spider:2 | 29858 ||| Stepping ~*~*~tactically~*~*~ (stealth).
 29918 | Spider:2 | 29918 ||| Stepping ~*~*~tactically~*~*~ (stealth).
 29919 | Spider:2 | 29919 ||| INVOKING Heroism.
 29921 | Spider:2 | 29921 ||| Stepping ~*~*~tactically~*~*~ (stealth).
 29926 | Spider:2 | Received a gift from Okawaru
 30058 | Spider:2 | 30058 ||| FLEEEEING.
 30059 | Spider:2 | 30059 ||| FLEEEEING.
 30062 | Spider:2 | 30062 ||| FLEEEEING.
 30063 | Spider:2 | 30063 ||| FLEEEEING.
 30064 | Spider:2 | 30064 ||| FLEEEEING.
 30065 | Spider:2 | 30065 ||| FLEEEEING.
 30066 | Spider:2 | 30066 ||| FLEEEEING.
 30067 | Spider:2 | 30067 ||| FLEEEEING.
 30068 | Spider:2 | 30068 ||| FLEEEEING.
 30069 | Spider:2 | 30069 ||| FLEEEEING.
 30070 | Spider:2 | 30070 ||| FLEEEEING.
 30071 | Spider:2 | 30071 ||| FLEEEEING.
 30072 | Spider:2 | 30072 ||| FLEEEEING.
 30073 | Spider:2 | 30073 ||| FLEEEEING.
 30127 | Spider:2 | Reached XP level 18. HP: 116/116 MP: 25/25
 30127 | Spider:2 | 30127 ||| DROPPING +2 hand axe of flaming.
 30553 | Spider:3 | 30553 ||| INVOKING Heroism.
 30554 | Spider:3 | 30554 ||| DRINKING 7 potions of curing.
 30554 | Spider:3 | 30554 ||| (to cure confusion)
 30555 | Spider:3 | Received a gift from Okawaru
 30577 | Spider:3 | 30577 ||| INVOKING Heroism.
 30587 | Spider:3 | 30587 ||| FLEEEEING.
 30588 | Spider:3 | 30588 ||| FLEEEEING.
 30602 | Spider:3 | HP: 28/116 [emperor scorpion (2)]
 30603 | Spider:3 | 30603 ||| READING 11 scrolls of teleportation.
 30604 | Spider:3 | 30604 ||| DRINKING 9 potions of heal wounds.
 30614 | Spider:3 | 30614 ||| INVOKING Heroism.
 30614 | Spider:3 | HP: 29/116 [something (11)]
 30615 | Spider:3 | 30615 ||| READING 10 scrolls of teleportation.
 30623 | Spider:3 | 30623 ||| DRINKING 8 potions of heal wounds.
 30648 | Spider:3 | 30648 ||| INVOKING Finesse.
 30691 | Spider:3 | 30691 ||| INVOKING Heroism.
 30719 | Spider:3 | 30719 ||| INVOKING Heroism.
 30921 | Spider:3 | 30921 ||| Stepping ~*~*~tactically~*~*~ (stealth).
 31220 | Spider:3 | 31220 ||| Stepping ~*~*~tactically~*~*~ (stealth).
 31236 | Spider:3 | 31236 ||| INVOKING Heroism.
 31239 | Spider:3 | Received a gift from Okawaru
 31255 | Spider:3 | Reached skill level 18 in Armour
 31371 | Spider:3 | 31371 ||| READING scroll of enchant armour.
 31371 | Spider:3 | 31371 ||| ENCHANTING +0 pair of gloves.
 31428 | Spider:3 | 31428 ||| PLANNING SWAMP:4
 31578 | Swamp:4  | Entered Level 4 of the Swamp
 31579 | Swamp:4  | 31579 ||| INVOKING Heroism.
 31604 | Swamp:4  | 31604 ||| Stepping ~*~*~tactically~*~*~ (hiding).
 31605 | Swamp:4  | 31605 ||| Stepping ~*~*~tactically~*~*~ (stealth).
 31606 | Swamp:4  | 31606 ||| Stepping ~*~*~tactically~*~*~ (hiding).
 31607 | Swamp:4  | 31607 ||| Stepping ~*~*~tactically~*~*~ (hiding).
 31622 | Swamp:4  | 31622 ||| Stepping ~*~*~tactically~*~*~ (hiding).
 31623 | Swamp:4  | 31623 ||| INVOKING Heroism.
 31627 | Swamp:4  | Paralysed by a fenstrider witch for 5 turns
 31647 | Swamp:4  | 31647 ||| Stepping ~*~*~tactically~*~*~ (hiding).
 31648 | Swamp:4  | 31648 ||| Stepping ~*~*~tactically~*~*~ (hiding).
 31653 | Swamp:4  | 31653 ||| INVOKING Heroism.
 31671 | Swamp:4  | 31671 ||| Stepping ~*~*~tactically~*~*~ (stealth).
 31682 | Swamp:4  | 31682 ||| FLEEEEING.
 31683 | Swamp:4  | 31683 ||| FLEEEEING.
 31684 | Swamp:4  | 31684 ||| STAIRDANCE
 31875 | Swamp:4  | 31875 ||| INVOKING Heroism.
 32001 | Swamp:4  | Identified Roxanne's Tome of the Ground
 32001 | Swamp:4  | Noticed Roxanne
 32002 | Swamp:4  | 32002 ||| INVOKING Heroism.
 32034 | Swamp:4  | Reached skill level 15 in Fighting
 32045 | Swamp:4  | HP: 25/119 [Roxanne/crystal spear (37)]
 32046 | Swamp:4  | 32046 ||| READING 9 scrolls of teleportation.
 32046 | Swamp:4  | Killed from afar by Roxanne

Levels and vault maps discovered:
D:1:      dpeg_arrival_shrine, layout_basic,
          hellmonk_ecumenical_altar_slurped_away
D:2:      layout_basic
D:3:      layout_basic, mainiacjoe_overflow_brackets, okawaru_ov_weapons_minmay,
          serial_shops, shop, nicolae_shop_bloodbath_and_beyond,
          nicolae_shop_trees, shop, serial_co_window_serial, co_window_paths_b,
          co_window_corner_a, co_window_of_opportunity_a, co_window_paths_b,
          co_window_paths_b, co_window_cross_4, co_window_unsneaky_path_e,
          co_window_2corner, co_window_of_opportunity_b, co_window_paths_c,
          co_window_broadway_b, glass_columns_c
D:4:      layout_cave_pools, eat_drink_and_be_merry_uskayaw,
          minmay_temple_entry_waves, serial_demonic, serial_demonic_a,
          serial_demonic_g, serial_demonic_e, serial_demonic_d,
          serial_demonic_g, serial_demonic_f, serial_demonic_a, serial_demonic_a
D:5:      layout_loops_ring, grunt_temple_overflow_lords_of_destruction,
          chequers_ossuary_entry_cave, chequers_serial_rivers_small_a
D:6:      layout_loops_ring, kennysheep_mini_moat,
          mainiacjoe_overflow_surrounded_room, gammafunk_ghost_smash,
          kennysheep_small_spiral, minmay_tree_intersection,
          minmay_misc_feat_encased
D:7:      layout_basic, the_hattery
D:8:      layout_loops_cross
D:9:      layout_long_grid, gammafunk_ghost_hive, serial_undead,
          serial_undead_a, serial_undead_e, serial_undead_d, serial_undead_b,
          serial_undead_f, serial_undead_e
D:10:     old_forge, layout_basic, zin_statuary, david_lair_shrubbed,
          hangedman_decor_riveting, uniq_nergalle
D:11:     layout_roguey, orc_0_dummy, serial_shops, nicolae_lakefront_shop
D:12:     minmay_guarded_unrand_guard, layout_basic, beargit_elvish_explorers,
          uniq_snorg
D:13:     layout_stronghold, uniq_jorgrun
D:14:     minmay_the_grid_net [minmay_the_grid_embedded,
          minmay_the_grid_pillar_ring, minmay_the_grid_outer_circle,
          minmay_the_grid_spikes, minmay_the_grid_paths,
          minmay_the_grid_prize_shrinking_boxes], layout_cave_pools,
          david_vaults_1, minmay_misc_feat_alley,
          chequers_serial_rivers_large_a, uniq_rupert, uniq_kirke
D:15:     gammafunk_enter_depths_forms, layout_rooms, serial_shops, shop,
          serial_park_square3 [serial_park_minivault_5x5_8]
Lair:1:   minmay_lair_oklob_tunnel, layout_small_grid,
          nicolae_quartered_pool_medium, beast_lair_carwin_10
Lair:2:   layout_concentric_octagons, grunt_forest_small_clearing_treed
Lair:3:   layout_gridlike, minmay_swamp_entry_swarm,
          spider_nest_entry_web_field, gauntlet_entry_generic,
          gammafunk_ghost_arena, nzn_masters_of_martial_movement
Lair:4:   layout_concentric_octagons, minmay_slime_entry_oklob_enclosed,
          serial_bayou_shore_b
Lair:5:   hellmonk_lair_end_abyssal_woods, layout_hall_layers, serial_bayou,
          serial_bayou_lagoon_b, serial_bayou_pond_c, serial_bayou_pond_d,
          serial_bayou_pond_d, infiniplex_staircase_pool, uniq_nessos
Swamp:1:  layout_basic_swamp, nicolae_swamp_little_swirl
Swamp:2:  layout_falls_marsh, evilmike_swamp_ruin_house_5, swamp_pool4,
          hangedman_swamp_grove, uniq_nikola
Swamp:3:  layout_basic_swamp, serial_swamp_ruin, evilmike_swamp_ruin_house_3,
          evilmike_swamp_ruin_rubble_1, swamp_pool1
Swamp:4:  swamp_pestilence, layout_basic_swamp, uniq_roxanne
Spider:1: layout_spider_delve, portal_ice_cave_entry_ice_statue_two
Spider:2: layout_spider_delve
Spider:3: nicolae_spider_broodchamber
Orc:1:    layout_diamond_mine, statue_in_the_mist_lemuel, mines3_lemuel,
          uniq_erica
Orc:2:    st_orc_ogre_mass, layout_caves, kennysheep_orc_sif_temple,
          uniq_erolcha

Skill      XL: |  1  2  3  4  5  6  7  8  9 10 11 12 13 14 15 16 17 18 |
---------------+-------------------------------------------------------+-----
Axes           | 2 3 4 5 6 8 9 10 11 13 15 16 17 18 | 18.0
Throwing       | 1 2 3 4 6 7 |  7.0
Dodging        | 1 2 3 |  3.1
Fighting       | 4 6 7 8 9 10 11 12 13 14 15 | 15.0
Invocations    | 2 4 5 9 10 | 10.0
Shields        | 4 8 10 11 12 13 14 | 14.0
Armour         | 4 7 9 10 11 12 15 16 18 | 18.0

Action                     |  1- 3 |  4- 6 |  7- 9 | 10-12 | 13-15 | 16-18 || total
---------------------------+-------+-------+-------+-------+-------+-------++-------
  Melee: War axe           |    86 |   139 |   307 |   350 |       |       ||   882
         Hand axe          |       |       |       |    14 |    16 |   108 ||   138
         Broad axe         |       |       |       |   144 |   626 |   836 ||  1606
  Throw: Javelin           |       |    51 |    35 |    76 |   157 |   158 ||   477
         Boomerang         |       |       |       |       |    61 |    75 ||   136
 Invoke: Heroism           |       |       |    13 |    22 |    28 |    44 ||   107
         Finesse           |       |       |       |     2 |     5 |     7 ||    14
    Use: Scroll            |     3 |     8 |    10 |     3 |     6 |     5 ||    35
         Potion            |     2 |       |     4 |       |     1 |     7 ||    14
 Armour: Scale mail        |    31 |    85 |    36 |       |       |       ||   152
         Chain mail        |       |       |   112 |     8 |       |       ||   120
         Plate armour      |       |       |       |   209 |   291 |       ||   500
         Crystal plate arm |       |       |       |       |       |   498 ||   498
  Dodge: Dodged            |    32 |    80 |    95 |   110 |   122 |   328 ||   767
  Block: Buckler           |    14 |    58 |   120 |    86 |       |       ||   278
         Reflection        |       |       |     1 |     8 |    28 |    19 ||    56
         Kite shield       |       |       |       |   172 |   418 |   494 ||  1084

Table legend:
 A = Non-vault XP
 B = Vault XP
 C = Vault XP percentage of total XP
 D = Non-vault monster count
 E = Vault monster count
 F = Vault count percentage of total count
                 A         B        C        D         E       F
            +---------+---------+-------+---------+---------+-------
      Total |  194022 |   94507 |  32.8 |     749 |     248 |  24.9
            +---------+---------+-------+---------+---------+-------
        D:1 |      29 |       2 |   6.5 |      17 |       1 |   5.6
        D:2 |     109 |       0 |   0.0 |      19 |       0 |   0.0
        D:3 |      78 |       0 |   0.0 |      24 |       0 |   0.0
        D:4 |     233 |     241 |  50.8 |      15 |      17 |  53.1
        D:5 |     829 |      48 |   5.5 |      22 |       1 |   4.3
        D:6 |     621 |       0 |   0.0 |      16 |       0 |   0.0
        D:7 |     691 |     211 |  23.4 |      17 |       1 |   5.6
        D:8 |    2253 |       0 |   0.0 |      29 |       0 |   0.0
        D:9 |    3763 |    1497 |  28.5 |      31 |      14 |  31.1
       D:10 |    4184 |    1377 |  24.8 |      29 |      14 |  32.6
       D:11 |    3275 |       0 |   0.0 |      15 |       0 |   0.0
       D:12 |    4877 |    9473 |  66.0 |      14 |      13 |  48.1
       D:13 |    6961 |    1813 |  20.7 |      20 |       1 |   4.8
       D:14 |    8685 |   15382 |  63.9 |      22 |      27 |  55.1
       D:15 |    8104 |    8427 |  51.0 |      23 |      13 |  36.1
     Lair:1 |    6378 |    4675 |  42.3 |      22 |      15 |  40.5
     Lair:2 |    5948 |       0 |   0.0 |      26 |       0 |   0.0
     Lair:3 |    8533 |    1714 |  16.7 |      26 |       6 |  18.8
     Lair:4 |    9135 |    1657 |  15.4 |      26 |       3 |  10.3
     Lair:5 |   12544 |   11584 |  48.0 |      42 |      41 |  49.4
    Swamp:1 |   12451 |       0 |   0.0 |      29 |       0 |   0.0
    Swamp:2 |   18412 |    6945 |  27.4 |      31 |       6 |  16.2
    Swamp:3 |    8884 |       0 |   0.0 |      20 |       0 |   0.0
    Swamp:4 |   12593 |    2907 |  18.8 |      24 |       6 |  20.0
   Spider:1 |   13355 |    1357 |   9.2 |      31 |       2 |   6.1
   Spider:2 |   14103 |       0 |   0.0 |      38 |       0 |   0.0
   Spider:3 |   20190 |    6049 |  23.1 |      46 |       8 |  14.8
      Orc:1 |    3808 |    1383 |  26.6 |      45 |       2 |   4.3
      Orc:2 |    2996 |   17173 |  85.1 |      30 |      44 |  59.5
    Ossuary |       0 |     592 | 100.0 |       0 |      13 | 100.0
            +---------+---------+-------+---------+---------+-------
